 Dungeon Crawl Stone Soup version 0.31-a0-542-gdc2a67831c (webtiles) character file.

Game seed: 7957436591006970764

267 Dittersdorf the Shield-Bearer (level 6, -6/39 HPs)
             Began as a Gargoyle Fighter on Aug 11, 2023.
             Killed from afar by an orc wizard (10 damage)
             ... with a magic dart
             ... on level 3 of the Dungeon on Aug 14, 2023.
             The game lasted 00:04:58 (2412 turns).

Dittersdorf the Shield-Bearer (Gargoyle Fighter)    Turns: 2412, Time: 00:04:58

Health: -6/39      AC: 12    Str: 22    XL:     6   Next: 21%
Magic:  15/15      EV:  9    Int:  8    God:
Gold:   178        SH:  0    Dex:  9    Spells: 5/5 levels left

rFire   . . .        a - +0 flail
rCold   . . .        c - +0 buckler
rNeg    + . .        b - +0 scale mail
rPois   ∞            (no helmet)
rElec   +            (no cloak)
rCorr   .            s - +0 pair of gloves
SInv    .            (no boots)
Will    .....        (no amulet) Stlth
                     k - ring of magical power
HPRegen 0.26/turn    (no ring)
MPRegen 0.14/turn

%: no passive effects
@: confused
A: sickness immunity, AC +4, negative energy resistance 1, electricity
resistance, torment resistance 1, petrification resistance
a: no special abilities


You were on level 3 of the Dungeon.
You visited 1 branch of the dungeon, and saw 3 of its levels.

You collected 178 gold pieces.

Inventory:

Hand Weapons
 a - a +0 flail (weapon)
Armour
 b - a +0 scale mail (worn)
 c - a +0 buckler (worn)
 s - a +0 pair of gloves (worn)
Jewellery
 k - a ring of magical power (left hand)
Scrolls
 d - a scroll of enchant weapon {unknown}
 f - 3 scrolls of fog {unknown}
 g - 4 scrolls of identify {unknown}
 h - 2 scrolls of revelation {unknown}
 j - 2 scrolls of vulnerability {unknown}
 l - a scroll of teleportation {unknown}
 n - a scroll of blinking {unknown}
 o - a scroll of acquirement {unknown}
 p - a scroll of poison {unknown}
 q - a scroll of enchant armour {unknown}
 r - a scroll of immolation {unknown}
Potions
 e - a potion of degeneration {unknown}
 i - a potion of heal wounds {unknown}
 m - a potion of curing {unknown}


   Skills:
 + Level 4.6 Fighting
 + Level 3.5 Maces & Flails
 + Level 4.6 Armour
 + Level 4.6 Shields


You had 5 spell levels left.
You didn't know any spells.
Your spell library contained the following spells:

 Spells                   Type           Power      Damage    Failure   Level
 Apportation              Tloc           0%         N/A       78%         1
 Necrotise                Necr           0%         1d4       78%         1
 Summon Small Mammal      Summ           0%         N/A       78%         1


Dungeon Overview and Level Annotations

Branches:
Dungeon (3/15)

Altars:

Shops:
D:1 =   D:3 (


Innate Abilities, Weirdness & Mutations

You are immune to sickness and miasma.
Your stone body is resilient. (AC +4)
You are immune to poison.
You resist negative energy. (rN+)
You are resistant to electric shocks. (rElec)
You are resistant to unholy torment.
You are immune to petrification.


Message History

You hear some strange, mumbled words.
A magic dart appears from out of thin air!
The magic dart hits you.
The orc priest calls down the wrath of Beogh upon you.
Beogh smites you!
* * * LOW HITPOINT WARNING * * *
You bump into the rock wall.
The orc priest miscasts a cantrip.
You bump into the rock wall.
You hear some strange, mumbled words.
You are more confused.
The orc priest hits you but does no damage.
You hear some strange, mumbled words.
A magic dart appears from out of thin air!
The magic dart hits you.
* * * LOW HITPOINT WARNING * * *
You're too confused to move!
The orc priest hits you but does no damage.
Something hits you but does no damage.
You bump into the rock wall.
The orc priest closely misses you. Something hits you.
* * * LOW HITPOINT WARNING * * *
You hit the orc priest but do no damage.
The orc priest hits you but does no damage.
You hear some strange, mumbled words.
Something tries to affect you, but you resist.
You closely miss the orc priest.
The orc priest hits you but does no damage.
Something hits you.
* * * LOW HITPOINT WARNING * * *
You're too confused to move!
The orc priest miscasts a cantrip.
Something hits you.
* * * LOW HITPOINT WARNING * * *
You closely miss the orc priest.
The orc priest looks satisfied for a moment.
You hear some strange, mumbled words.
A magic dart appears from out of thin air!
The magic dart hits you!
You die...

#.###.....†...##.#
#.##.............#
#.................
###..........>....
###........÷....
............... ###
.##.##.........
.....#######............
.>...oo@................
########{.###...........
####....###.........)..
............##.........
............##.........
............#..........
#.............##.......
####...................
#........##..#######


You could see an orc priest and an orc.

Vanquished Creatures
  Sigmund (D:2)
  An orc wizard (D:3)
  3 worms
  3 dart slugs
  2 orcs (D:3)
  5 ball pythons
  4 endoplasms
  A giant cockroach (D:1)
  6 goblins
  8 hobgoblins
  A jackal (D:2)
  7 kobolds (D:1)
  3 quokkas
  6 bats
  3 frilled lizards
  8 rats
62 creatures vanquished.

Notes
Turn   | Place    | Note
-------+----------+-------------------------------------------
     0 | D:1      | Dittersdorf the Gargoyle Fighter began the quest for the
                  | Orb.
     0 | D:1      | Reached XP level 1. HP: 14/14 MP: 1/1
     0 | D:1      | Upgraded the game from 0.31-a0-523-g071a6c1ffa to
                  | 0.31-a0-542-gdc2a67831c
   112 | D:1      | Reached XP level 2. HP: 19/19 MP: 2/2
   114 | D:1      | Found Behiqosm's Jewellery Boutique.
   419 | D:1      | Reached XP level 3. HP: 23/23 MP: 3/3
  1221 | D:2      | Noticed Sigmund
  1564 | D:2      | Killed Sigmund
  1565 | D:2      | Reached XP level 4. HP: 9/30 MP: 4/4
  1565 | D:2      | Reached XP level 5. HP: 10/34 MP: 5/5
  2041 | D:3      | Reached XP level 6. HP: 39/39 MP: 6/6
  2158 | D:3      | Found Analaeb's Antique Weapon Shop.
  2412 | D:3      | Killed from afar by an orc wizard

Illustrated notes

Levels and vault maps discovered:
D:1:      reono_arrival_forest_river, layout_basic, serial_shops,
          nicolae_square_shop
D:2:      layout_loops_cross, corexii_hall_statues_i, minmay_pentomino_t4,
          uniq_sigmund
D:3:      layout_rooms, serial_shops, shop_fountains, supply_closet_lemuel

Skill      XL: |  1  2  3 |
---------------+----------+-----
Fighting       | 4 |  4.6
Maces & Flails | 3 |  3.5
Armour         | 4 |  4.6
Shields        | 4 |  4.6

Action                     |  1- 3 |  4- 6 || total
---------------------------+-------+-------++-------
  Melee: Flail             |   137 |   106 ||   243
    Use: Potion            |     1 |       ||     1
 Armour: Scale mail        |    70 |    65 ||   135
  Dodge: Dodged            |    90 |    60 ||   150
  Block: Buckler           |    29 |    25 ||    54

Table legend: (Time is in decaauts)
 A = Elapsed time spent in this place.
 B = Non-inter-level travel time spent in this place.
 C = Inter-level travel time spent in this place.
 D = Time resting spent in this place.
 E = Time spent auto-exploring this place.
 F = Levels seen in this place.
 G = Mean time per level.
                   A        B        C        D        E       F      G
               +--------+--------+--------+--------+--------+-----+--------+
         Total |   2489 |   2414 |     75 |    171 |   1691 |   3 |  829.7 |
       Dungeon |   2489 |   2414 |     75 |    171 |   1691 |   3 |  829.7 |
               +--------+--------+--------+--------+--------+-----+--------+

Top non-repeatable levels by time:
     D:1: 1093 daAuts
     D:2: 978 daAuts
     D:3: 417 daAuts
